 Dungeon Crawl Stone Soup version 0.31-a0-846-gb3bcc0d938 (webtiles) character file.

Game seed: 11109813736846121688

2535 wvc the Destroyer (level 9, -13/45 HPs)
             Began as a Gargoyle Fire Elementalist on Oct 3, 2023.
             Was a Believer of Vehumet.
             Mangled by a shadow (21 damage)
             ... on level 7 of the Dungeon.
             The game lasted 00:21:50 (5792 turns).

wvc the Destroyer (Gargoyle Fire Elementalist)      Turns: 5792, Time: 00:21:50

Health: -13/45     AC: 15    Str: 12    XL:     9   Next: 55%
Magic:  14/18      EV: 11    Int: 20    God:    Vehumet [**....]
Gold:   403        SH:  0    Dex: 10    Spells: 5/21 levels left

rFire   + . .        s - +1 dagger (venom)
rCold   . . .        (no shield)
rNeg    + . .        x - +1 leather armour {rF+}
rPois   ∞            B - +0 hat
rElec   +            k - +0 cloak
rCorr   .            t - +0 pair of gloves
SInv    .            a - +2 pair of boots {Fly}
Will    .....        g - amulet of regeneration
Stlth   ++           f - +4 ring of slaying
HPRegen 1.07/turn    (no ring)
MPRegen 0.16/turn

%: no passive effects
@: flying
A: sickness immunity, AC +6, negative energy resistance 1, electricity
resistance, torment resistance 1, petrification resistance
a: Renounce Religion


You were on level 7 of the Dungeon.
You worshipped Vehumet.
Vehumet was pleased with you.
You visited 2 branches of the dungeon, and saw 8 of its levels.

You collected 403 gold pieces.

Inventory:

Hand Weapons
 s - a +1 dagger of venom (weapon)
 y - a +1 flail of holy wrath
 A - a +5 scimitar
Missiles
 r - 6 curare-tipped darts (quivered)
Armour
 a - a +2 pair of boots of flying (worn)
 k - a +0 cloak (worn)
 t - a +0 pair of gloves (worn)
 x - a +1 leather armour of fire resistance (worn)
 B - a +0 hat (worn)
Jewellery
 f - a +4 ring of slaying (left hand)
 g - an amulet of regeneration (around neck)
Talismans
 j - a serpent talisman
Wands
 m - a wand of flame (42)
 p - a wand of digging (8)
 q - a wand of quicksilver (25)
 z - a wand of roots (4)
 C - a wand of polymorph (3)
Scrolls
 h - a scroll of summoning
 u - 3 scrolls of identify
 w - 4 scrolls of teleportation
Potions
 b - 2 potions of magic
 c - 3 potions of attraction
 d - a potion of might
 e - 4 potions of curing
 i - 4 potions of enlightenment
 l - 3 potions of mutation
 n - a potion of brilliance
 o - 3 potions of heal wounds
 v - a potion of haste
 D - a potion of invisibility {unknown}


   Skills:
 - Level 1.5 Dodging
 - Level 2.1 Stealth
 + Level 6.6 Spellcasting
 * Level 9.1 Conjurations
 + Level 7.3 Fire Magic


You had 5 spell levels left.
You knew the following spells:

 Your Spells              Type           Power      Damage    Failure   Level
a - Foxfire               Conj/Fire      100%       2x1d9     1%          1
b - Fireball              Conj/Fire      19%        3d9       12%         5
c - Inner Flame           Hex/Fire       21%        N/A       9%          3
d - Scorch                Fire           72%        2d8       1%          2
e - Flame Wave            Conj/Fire      39%        2d11      4%          4
f - Magic Dart            Conj           100%       1d8       1%          1

Your spell library contained the following spells:

 Spells                   Type           Power      Damage    Failure   Level
 Static Discharge         Conj/Air       48%        2-4/arc   3%          2
 Stone Arrow              Conj/Erth      48%        3d10      6%          3
 Volatile Blastmotes      Fire/Tloc      42%        2d13      9%          3
 Iskenderun's Battlesphe  Conj           43%        2d9       9%          5
 Sandblast                Erth           12%        2d6       13%         1
 Lesser Beckoning         Tloc           12%        N/A       19%         2
 Passwall                 Tmut/Erth      5%         N/A       19%         2
 Brom's Barrelling Bould  Conj/Erth      24%        2d5       19%         4
 Gell's Gravitas          Tloc           6%         N/A       36%         3
 Teleport Other           Tloc           6%         N/A       36%         3
 Yara's Violent Unravell  Hex/Tmut       3%         3d4       98%         5
 Orb of Destruction       Conj           21%        9d8       94%         7
 Conjure Ball Lightning   Conj/Air       12%        3x3d6     96%         6
 Enfeeble                 Hex            3%         N/A       100%        7


Dungeon Overview and Level Annotations

Branches:
Dungeon (7/15)             Temple (1/1) D:4

Altars:
Ashenzari
Dithmenos
Fedhas
Hepliaklqana
Kikubaaqudgha
Makhleb
Nemelex Xobeh
Okawaru
Sif Muna
Uskayaw
Vehumet
Wu Jian
Xom
The Shining One

Annotations:
D:4 exclusion: statue


Innate Abilities, Weirdness & Mutations

You are immune to sickness and miasma.
Your stone body is resilient. (AC +6)
You are immune to poison.
You resist negative energy. (rN+)
You are resistant to electric shocks. (rElec)
You are resistant to unholy torment.
You are immune to petrification.


Message History

Confirm with . or Enter, or press ? or * to list all spells.
You conjure some foxfire!
The foxfire hits something. x2
A dream sheep comes into view.
Unknown command.
Casting: Foxfire (safe; 1% risk of failure)
Confirm with . or Enter, or press ? or * to list all spells.
You conjure some foxfire!
The foxfire hits something!
Your foxfire dissipates!
There is an open door here.
The shadow strikes at you from the darkness!
Ouch! That really hurt!
Reactivating autopickup.
The shadow slips into darkness.
The shadow flickers and vanishes!
Deactivating autopickup; reactivate with Ctrl-A.
Casting: Foxfire (safe; 1% risk of failure)
Confirm with . or Enter, or press ? or * to list all spells.
You conjure some foxfire!
The shadow strikes at you from the darkness!
* * * LOW HITPOINT WARNING * * *
Reactivating autopickup.
You hit the shadow but do no damage.
The shadow is severely damaged.
The foxfire hits the shadow but does no damage.
The shadow is severely damaged.
The foxfire hits the shadow but does no damage.
The shadow is severely damaged.
The shadow hits you.
Casting: Foxfire (safe; 1% risk of failure)
Confirm with . or Enter, or press ? or * to list all spells.
You conjure some foxfire!
The shadow slips into darkness.
The shadow flickers and vanishes!
Deactivating autopickup; reactivate with Ctrl-A.
You hit something.
The foxfire hits something but does no damage.
The foxfire hits something.
The shadow strikes at you from the darkness!
You die...

#...## #...#
#..######### #.....
#..#.......# #.....
##.#..<....# ##.....
#.#.......# #......
####'#.......###......
#....{.....#..#.......
#....@................
#....§.......#.###....
##...).............##.
##...<....#....#.....
#............>.#.##.
##..####..#.........
#..# #....#....##.
#..# #.#).###..##.
#..# #.#..###...#.


There were no monsters in sight!

Vanquished Creatures
  A dream sheep (D:7)
  Sigmund (D:2)
  A shadow (D:7)
  A water moccasin (D:5)
  An orc warrior (D:7)
  A black bear (D:7)
  A sky beast (D:6)
  A centaur (D:7)
  A phantom (D:4)
  A bullfrog (D:7)
  2 scorpions (D:4)
  8 wights
  2 howler monkeys (D:4)
  3 electric eels (D:3)
  2 jellies (D:5)
  4 hounds
  2 orc priests (D:5)
  2 sleepcaps
  2 iguanas
  3 orc wizards (D:5)
  12 gnolls
  8 adders
  2 white imps
  A worm (D:2)
  A dart slug (D:3)
  29 orcs
  7 ball pythons
  3 endoplasms
  2 giant cockroaches (D:2)
  7 goblins
  2 hobgoblins
  6 jackals (D:4)
  3 kobolds
  2 quokkas
  A bat (D:1)
  7 rats
  A spectral goblin (D:5)
134 creatures vanquished.

Vanquished Creatures (others)
  446 foxfires
446 creatures vanquished.

Grand Total: 580 creatures vanquished

Notes
Turn   | Place    | Note
-------+----------+-------------------------------------------
     0 | D:1      | wvc the Gargoyle Fire Elementalist began the quest for the
                  | Orb.
     0 | D:1      | Reached XP level 1. HP: 10/10 MP: 3/3
    90 | D:1      | Found an ornate altar of the Wu Jian Council.
   242 | D:1      | Reached XP level 2. HP: 15/15 MP: 3/5
   822 | D:2      | Reached XP level 3. HP: 19/19 MP: 3/6
   933 | D:2      | Reached skill level 2 in Conjurations
  1182 | D:2      | Noticed Sigmund
  1214 | D:2      | Killed Sigmund
  1215 | D:2      | Reached skill level 3 in Conjurations
  1215 | D:2      | Reached XP level 4. HP: 15/24 MP: 2/9
  1215 | D:2      | Reached XP level 5. HP: 17/28 MP: 2/10
  1591 | D:3      | Found a transporter.
  1607 | D:3      | Found a transporter.
  1632 | D:3      | Reached XP level 6. HP: 32/32 MP: 11/11
  1648 | D:3      | Reached skill level 5 in Fire Magic
  2163 | D:3      | Learned a level 5 spell: Fireball
  2167 | D:3      | Learned a level 3 spell: Inner Flame
  2170 | D:3      | Learned a level 2 spell: Scorch
  2703 | D:4      | Reached skill level 4 in Conjurations
  2746 | D:4      | Reached XP level 7. HP: 29/36 MP: 6/13
  2960 | D:4      | Found a radiant altar of Vehumet.
  2966 | D:4      | Became a worshipper of Vehumet
  3134 | D:4      | Found a staircase to the Ecumenical Temple.
  3145 | Temple   | Entered the Ecumenical Temple
  3160 | D:4      | Reached skill level 5 in Conjurations
  3521 | D:5      | Entered Level 5 of the Dungeon
  3954 | D:5      | Reached XP level 8. HP: 41/41 MP: 13/15
  4049 | D:4      | Reached skill level 6 in Conjurations
  4055 | D:4      | Learned a level 4 spell: Flame Wave
  4092 | D:5      | Found a shimmering altar of Xom.
  4122 | D:5      | Reached skill level 5 in Spellcasting
  4218 | D:5      | Reached * piety under Vehumet
  4218 | D:5      | Offered knowledge of Magic Dart by Vehumet.
  4221 | D:5      | Learned a level 1 spell: Magic Dart
  4242 | D:5      | Found a shadowy altar of Dithmenos.
  4330 | D:5      | Found a hazy altar of Hepliaklqana.
  4708 | D:5      | Reached skill level 7 in Conjurations
  4979 | D:6      | Reached XP level 9. HP: 45/45 MP: 11/17
  5052 | D:6      | Reached skill level 8 in Conjurations
  5190 | D:6      | Offered knowledge of Static Discharge by Vehumet.
  5227 | D:6      | Found an iron altar of Okawaru.
  5458 | D:7      | Reached ** piety under Vehumet
  5751 | D:7      | Reached skill level 9 in Conjurations
  5792 | D:7      | Mangled by a shadow

Illustrated notes

Levels and vault maps discovered:
D:1:      nzn_arrival_depleted_hourglass, layout_rooms, minmay_hexomino_r4
D:2:      layout_basic, minmay_3d_cube, uniq_sigmund
D:3:      gammafunk_steamed_eel, layout_basic, kennysheep_flooded_box
D:4:      layout_loops_ring, vehumet_statue, minmay_temple_entry_overgrown,
          minmay_fountain_box
D:5:      layout_rooms, nicolae_dithmenos_through_a_glass_darkly,
          nicolae_hepliaklqana_monster_ancestors, dk_xom_monty_hall,
          moated_statue, nicolae_letterblocks [nicolae_letter_subblock,
          nicolae_letter_subblock, nicolae_letter_subblock,
          nicolae_letter_subblock, nicolae_letter_subblock,
          nicolae_letter_subblock, nicolae_letter_subblock,
          nicolae_letter_subblock, nicolae_letter_subblock,
          nicolae_letter_subblock, nicolae_letter_subblock,
          nicolae_letter_subblock, nicolae_letter_subblock,
          nicolae_letter_subblock, nicolae_letter_subblock,
          nicolae_letter_subblock, nicolae_letter_subblock,
          nicolae_letter_subblock, nicolae_letter_subblock,
          nicolae_letter_subblock, nicolae_letter_subblock,
          nicolae_letter_subblock, nicolae_letter_subblock,
          nicolae_letter_subblock, nicolae_letter_subblock]
D:6:      layout_cave_pools, okawaru_altar_gauntlet_db
D:7:      layout_rooms, serial_corexii_hall, chequers_hall_statues_corner_a,
          corexii_hall_statues_l, enter_bailey_7, hellmonk_guarded_unrand_night
Temple:   nicolae_temple_figure_zero

Skill      XL: |  1  2  3  4  5  6  7  8  9 |
---------------+----------------------------+-----
Conjurations   | 3 4 5 7 9 |  9.1
Spellcasting   | 3 4 5 6 |  6.6
Fire Magic     | 4 5 6 7 |  7.3
Dodging        | |  1.5
Stealth        | |  2.1

Action                     |  1- 3 |  4- 6 |  7- 9 || total
---------------------------+-------+-------+-------++-------
  Melee: Unarmed           |    17 |     6 |       ||    23
         Quarterstaff      |       |     8 |    33 ||    41
         Flail             |       |       |    21 ||    21
         Dagger            |       |       |    27 ||    27
  Throw: Dart              |       |       |     1 ||     1
   Cast: Foxfire           |    38 |    34 |   190 ||   262
  Evoke: Wand              |       |     7 |       ||     7
    Use: Scroll            |     5 |     4 |     6 ||    15
         Potion            |     1 |       |       ||     1
   Stab: Sleeping          |       |       |     1 ||     1
 Armour: Robe              |    34 |    38 |    35 ||   107
         Leather armour    |       |       |    91 ||    91
         Skin              |       |       |     5 ||     5
  Dodge: Dodged            |    27 |    19 |   130 ||   176

Table legend: (Time is in decaauts)
 A = Elapsed time spent in this place.
 B = Non-inter-level travel time spent in this place.
 C = Inter-level travel time spent in this place.
 D = Time resting spent in this place.
 E = Time spent auto-exploring this place.
 F = Levels seen in this place.
 G = Mean time per level.
                   A        B        C        D        E       F      G
               +--------+--------+--------+--------+--------+-----+--------+
         Total |   5819 |   5697 |    122 |    282 |   3925 |   8 |  727.4 |
       Dungeon |   5818 |   5696 |    122 |    282 |   3925 |   7 |  831.1 |
        Temple |      1 |      1 |      0 |      0 |      0 |   1 |    1.0 |
               +--------+--------+--------+--------+--------+-----+--------+

Top non-repeatable levels by time:
     D:3: 1137 daAuts
     D:4: 1037 daAuts
     D:5: 911 daAuts
     D:2: 885 daAuts
     D:6: 833 daAuts
     D:1: 645 daAuts
     D:7: 367 daAuts
  Temple: 1 daAuts
